 Dungeon Crawl Stone Soup version 0.18.1-50-g88ac8fd (webtiles) character file.

70776 lorenzova the Unseen (level 14, -9/72 HPs)
             Began as a Spriggan Enchanter on Oct 14, 2016.
             Was the Champion of Dithmenos.
             Killed by the air
             ... invoked by Gastronok
              (25 damage)
             ... on level 1 of the Orcish Mines.
             The game lasted 01:04:30 (24914 turns).

lorenzova the Unseen (Spriggan Enchanter)          Turns: 24914, Time: 01:04:31

Health: -9/72      AC:  5    Str:  5    XL:     14   Next: 95%
Magic:  17/30      EV: 34    Int: 17    God:    Dithmenos [******]
Gold:   1372       SH:  0    Dex: 20    Spells: 6 memorised, 22 levels left

rFire  + + .     SeeInvis +     Y - +2 dagger (elec)
rCold  . . .     Gourm    .     D - +2 robe {rF+}
rNeg   + + .     Faith    .     (shield restricted)
rPois  .         Spirit   .     (helmet restricted)
rElec  .         Dismiss  .     L - +0 cloak of Beauty {rN++ Regen+}
rCorr  .         Reflect  .     (gloves unavailable)
SustAt .         Harm     .     (boots unavailable)
MR     ++...                    a - amulet of magic regeneration
Stlth  ++++++++++               Q - ring of protection from fire
                                w - ring of wizardry

@: wreathed by umbra, very quick, very resistant to hostile enchantments,
uncannily stealthy
A: unfitting armour, see invisible, herbivore 3, speed 3, slow metabolism 2
a: Shadow Step, Shadow Form, Renounce Religion


You were on level 1 of the Orcish Mines.
You worshipped Dithmenos.
Dithmenos was exalted by your worship.
You were not hungry.

You visited 4 branches of the dungeon, and saw 21 of its levels.
You visited the Abyss 1 time.
You also visited: Sewer, Ice Cave and Volcano.

You collected 1372 gold pieces.

Inventory:

Hand Weapons
 j - a +2 dagger of protection
 x - a +0 dagger of holy wrath
 N - a +1 dagger of venom
 Y - a +2 dagger of electrocution (weapon)
Armour
 D - a +2 robe of fire resistance (worn)
 L - the +0 cloak of Beauty (worn) {rN++ Regen+}
   (You found it on level 9 of the Dungeon)

   It greatly protects you from negative energy.
   It increases your rate of regeneration.
 R - a +2 robe
Jewellery
 a - an amulet of magic regeneration (around neck)
 c - an uncursed amulet of faith
 w - a ring of wizardry (left hand)
 y - an uncursed amulet of regeneration
 P - an uncursed amulet of harm
 Q - a ring of protection from fire (right hand)
Wands
 k - a wand of slowing (34/48)
 p - a wand of digging (0/24)
 H - a wand of teleportation (5/9)
 O - a wand of polymorph (0/24)
 S - a wand of lightning (0/15)
 T - a wand of polymorph (15/24)
 V - a wand of confusion (27/48)
Scrolls
 f - 5 scrolls of noise {unknown}
 g - 3 scrolls of fog
 i - 6 scrolls of random uselessness {unknown}
 m - 9 scrolls of remove curse
 n - a scroll of recharging {unknown}
 t - 3 scrolls of enchant weapon
 u - 5 scrolls of amnesia {unknown}
 A - 6 scrolls of identify
 E - 2 scrolls of enchant armour {unknown}
 I - 2 scrolls of magic mapping
 J - 3 scrolls of blinking {unknown}
 K - 2 scrolls of summoning {unknown}
 M - 4 scrolls of teleportation {unknown}
 U - a scroll of fear {unknown}
 Z - a scroll of torment {unknown}
Potions
 e - 6 potions of lignification
 h - 3 potions of haste
 l - 3 potions of might
 o - 5 potions of ambrosia
 q - 4 potions of brilliance
 r - 2 potions of berserk rage
 s - 8 potions of heal wounds
 v - 19 potions of curing
 z - 5 potions of agility
 C - 4 potions of flight
 F - a potion of cure mutation
 G - 3 potions of resistance
Miscellaneous
 B - a phial of floods
Comestibles
 b - 9 royal jellies
 d - 11 bread rations


   Skills:
 - Level 7.7 Fighting
 - Level 11.7 Short Blades
 + Level 16.8 Dodging
 + Level 17.7 Stealth
 - Level 11.3 Spellcasting
 - Level 9.8 Hexes
 * Level 6.0 Charms
 * Level 4.7 Necromancy
 - Level 6.0 Translocations
 * Level 4.5 Air Magic
 * Level 1.1 Invocations
 * Level 1.3 Evocations


You had 22 spell levels left.
You knew the following spells:

 Your Spells              Type           Power        Failure   Level  Hunger
a - Corona                Hex            #####..      1%          1    None
b - Ensorcelled Hibernat  Hex/Ice        ####..       1%          2    None
c - Confuse               Hex            #####...     1%          3    None
d - Blink                 Tloc           N/A          1%          2    None
e - Repel Missiles        Chrm/Air       ####..       1%          2    None
f - Regeneration          Chrm/Necr      ####......   1%          3    None


Dungeon Overview and Level Annotations

Branches:
Dungeon (15/15)            Temple (1/1) D:4            Lair (4/8) D:10
 Shoals (0/4) Lair:4        Snake (0/4) Lair:4          Orc (1/2) D:11
 Vaults (0/5) D:14         Depths (0/5) D:15

Altars:
Ashenzari
Cheibriados
Dithmenos
Elyvilon
Fedhas
Gozag
Kikubaaqudgha
Makhleb
Nemelex Xobeh
Okawaru
Pakellas
Qazlal
Ru
Sif Muna
Trog
Vehumet
Xom
Yredelemnul
Zin
The Shining One
Lugonu

Shops:
D:5 [   D:6 *   D:10 [

Annotations:
D:15 exclusion: ice statue
Lair:2 1 exclusion
Orc:1 Gastronok


Innate Abilities, Weirdness & Mutations

You are tiny and cannot use many weapons and most armour.
You have supernaturally acute eyesight.
You are a herbivore.
You cover ground extremely quickly.
You need consume almost no food.


Message History

You kill the orc warrior!
Dithmenos accepts your kill.
Your Charms skill increases to level 6!
The orc misses you. The orc wizard completely misses you.
You hit the orc wizard.
There is a sudden explosion of sparks!
You kill the orc wizard!
Dithmenos accepts your kill.
Dithmenos appreciates your extinguishing a source of fire.
You closely miss the orc.
Gastronok waves his eye-stalks in wide circles.
The air twists around and strikes you!
* * * LOW HITPOINT WARNING * * *
You emit a cloud of dark smoke.
Things that are here:
a dagger; a robe You are too injured to fight recklessly!
You are too injured to fight recklessly!
Gastronok waves his eye-stalks in wide circles.
The air twists around and strikes you!
You die...

#### ##..## #...§##
#§o§§# ###.#§##
##.@§§#§###
#...§w§§§§#
#....§o§§T§§§.
#......o§§§§.§...
#..#.....§o§§..$.
#.............o...
#.#.##.#...>.......
.... .............$
...........$.


You could see Gastronok, an orc warrior (confused) and 2 orcs.

Vanquished Creatures
  Kirke (D:15)
  A deep elf sorcerer (D:12)
  Azrael (D:15)
  A yaktaur captain (D:15)
  The ghost of olma the Nimble, a journeyman TrBe of Trog (D:11)
  A catoblepas (D:11)
  4 hydras
  5 centaur warriors
  2 ogre magi (D:15)
  5 tengu warriors
  5 unseen horrors
  2 deep trolls
  A wolf spider zombie (D:15)
  11 hill giants
  A lindwurm (Volcano)
  10 ugly things
  8 deep elf magi
  2 orc sorcerers (D:12)
  3 cyclopes
  A griffon (Lair:4)
  2 manticores
  2 centaur zombies
  5 naga magi (D:12)
  Maurice (D:8)
  2 black mambas
  3 molten gargoyles (Volcano)
  3 gargoyles
  4 spiny frogs
  3 komodo dragons
  A freezing wraith (D:15)
  A queen bee (D:12)
  4 trolls
  4 two-headed ogres
  5 blink frogs (Lair:3)
  5 slime creatures (D:11)
  A yak (shapeshifter) (D:14)
  2 shadows
  A tarantella (shapeshifter) (D:15)
  3 wyverns
  A vampire (D:14)
  A wraith (D:12)
  7 fire elementals
  5 basilisks
  5 hogs (D:15)
  29 yaks
  A hungry ghost (D:10)
  9 hippogriffs
  11 vampire mosquitoes (D:15)
  A soldier ant (D:11)
  Menkaure (D:4)
  11 porcupines
  A hell hound (D:15)
  8 water moccasins
  11 ice beasts
  9 orc warriors
  2 eyes of draining
  2 phantoms
  A black bear (D:12)
  3 sky beasts
  A wasp (D:11)
  A necrophage (D:5)
  14 ogres
  A wolf (Lair:3)
  19 centaurs
  5 crocodiles
  Blork the orc (D:4)
  8 gnoll sergeants
  8 big kobolds
  23 giant frogs
  2 wyvern zombies
  4 scorpions
  A water moccasin skeleton (D:4)
  34 killer bees
  5 wights (D:7)
  A howler monkey (D:6)
  3 crimson imps
  2 giant frog zombies
  3 hounds
  5 orc priests
  5 giant frog skeletons
  A gnoll shaman (D:6)
  13 orc wizards
  4 centaur skeletons
  5 jellies
  Jessica (D:2)
  14 iguanas
  Natasha (thrice) (D:3)
  9 worker ants
  A hound zombie (D:6)
  2 worker ant zombies
  Robin (D:3)
  21 gnolls
  12 adders
  29 river rats
  5 shadow imps
  An ooze (Sewer)
  2 adder skeletons (D:4)
  2 worms
  A dart slug (D:1)
  8 giant geckos
  56 orcs
  7 ball pythons
  9 giant cockroaches
  8 goblins
  9 hobgoblins
  6 jackals
  40 kobolds
  5 quokkas
  5 sheep
  19 bats
  A giant gecko skeleton (D:4)
  A giant gecko zombie (D:6)
  3 giant newts
  A quokka zombie (D:5)
  42 rats
  A spectral orc (D:4)
  2 fire vortices (Volcano)
733 creatures vanquished.

Vanquished Creatures (others)
  2 humans (D:15)
  An orc wizard (D:12)
  A shadow imp (D:8)
  An orc (Orc:1)
  A fire vortex (Volcano)
6 creatures vanquished.

Grand Total: 739 creatures vanquished

Notes
Turn   | Place    | Note
--------------------------------------------------------------
     0 | D:1      | lorenzova the Spriggan Enchanter began the quest for the Orb.
     0 | D:1      | Reached XP level 1. HP: 9/9 MP: 5/5
   354 | D:1      | Reached XP level 2. HP: 6/13 MP: 7/7
   358 | D:1      | Learned a level 2 spell: Ensorcelled Hibernation
  1514 | D:1      | You fall through a shaft!
  1576 | D:2      | Reached XP level 3. HP: 16/16 MP: 3/9
  1581 | D:2      | Learned a level 3 spell: Confuse
  1666 | D:2      | Found a stormy altar of Qazlal.
  1666 | D:2      | Noticed a water elemental
  1667 | D:2      | Noticed an earth elemental
  1668 | D:2      | Noticed a fire elemental
  1668 | D:2      | Noticed an air elemental
  1768 | D:2      | Reached skill level 5 in Stealth
  1821 | D:2      | Noticed Jessica
  1830 | D:2      | Killed Jessica
  1836 | D:2      | Reached XP level 4. HP: 13/21 MP: 8/11
  1861 | D:2      | Identified Jessica's Catalogue of Talismans
  2791 | D:3      | Noticed a water moccasin
  3259 | D:3      | Noticed Natasha
  3264 | D:3      | Killed Natasha
  3264 | D:3      | Reached skill level 5 in Hexes
  3264 | D:3      | Reached XP level 5. HP: 24/24 MP: 13/13
  3633 | D:3      | Noticed Natasha
  3653 | D:3      | Killed Natasha
  3653 | D:3      | Reached skill level 5 in Spellcasting
  3716 | D:3      | Found a bloodstained altar of Trog.
  3868 | D:3      | Found a sacrificial altar of Ru.
  3966 | D:3      | Killed a water moccasin
  3966 | D:3      | Reached skill level 6 in Stealth
  3966 | D:3      | Reached XP level 6. HP: 17/28 MP: 8/15
  3987 | D:3      | Noticed Natasha
  4003 | D:3      | Killed Natasha
  4069 | D:3      | Noticed Robin
  4269 | D:3      | Killed Robin
  4970 | D:4      | Reached XP level 7. HP: 23/32 MP: 13/17
  5083 | D:4      | Found a basalt altar of Yredelemnul.
  5454 | D:4      | Noticed Menkaure
  5454 | D:4      | Noticed Blork the orc
  5459 | D:4      | Killed Blork the orc
  5464 | D:4      | Killed Menkaure
  5464 | D:4      | Reached skill level 7 in Stealth
  5524 | D:4      | Found a staircase to the Ecumenical Temple.
  5557 | D:4      | Got an ancient rapier
  5597 | Temple   | Entered the Ecumenical Temple
  5634 | Temple   | Identified the +8 rapier of a sewer {antimagic, Stlth+} (You found it on level 4 of the Dungeon)
  5848 | D:5      | Entered Level 5 of the Dungeon
  5904 | D:5      | Found a bloodstained altar of Trog.
  5977 | D:5      | Found Daqaunif's Antique Armour Shoppe.
  6125 | D:5      | Reached XP level 8. HP: 36/36 MP: 14/20
  6366 | D:5      | Reached skill level 8 in Stealth
  6640 | D:6      | Found a glowing drain.
  6686 | Sewer    | Entered a sewer
  7547 | D:6      | Found a shimmering altar of Xom.
  7553 | D:6      | Reached skill level 9 in Stealth
  7832 | D:6      | Reached XP level 9. HP: 33/39 MP: 20/23
  7993 | D:6      | Found a blossoming altar of Fedhas.
  8047 | D:6      | Found a deep blue altar of Sif Muna.
  8083 | D:6      | Reached skill level 10 in Spellcasting
  8189 | D:6      | Found Dogufeul's Assorted Antiques.
  8317 | D:7      | Found an oddly glowing altar of Pakellas.
  8318 | D:7      | Found a sparkling altar of Nemelex Xobeh.
  8318 | D:7      | Found a shattered altar of Ashenzari.
  8321 | D:7      | Found an iron altar of Okawaru.
  8322 | D:7      | Found a shadowy altar of Dithmenos.
  8373 | D:7      | Reached skill level 1 in Fighting
  8476 | D:7      | Became a worshipper of Dithmenos the Shadowed
  8521 | D:7      | Found a white marble altar of Elyvilon.
  8663 | D:7      | Reached skill level 10 in Stealth
  8745 | D:7      | Reached skill level 5 in Dodging
  9084 | D:8      | Found a glowing silver altar of Zin.
  9084 | D:8      | Found a shimmering altar of Xom.
  9084 | D:8      | Noticed an angel
  9370 | D:8      | Noticed Maurice
  9501 | D:8      | Reached * piety under Dithmenos
  9658 | D:8      | Killed Maurice
  9658 | D:8      | Reached XP level 10. HP: 49/49 MP: 23/25
  9780 | D:9      | Reached skill level 11 in Stealth
  9799 | D:9      | Got a heavily runed cloak
  9810 | D:9      | Identified the cursed +0 cloak of Beauty {rN++ Regen+} (You found it on level 9 of the Dungeon)
 10417 | D:10     | Entered Level 10 of the Dungeon
 10475 | D:10     | Found Uliblo's Armour Boutique.
 10521 | D:10     | Noticed a hill giant
 10550 | D:10     | Killed a hill giant
 10584 | D:10     | Reached ** piety under Dithmenos
 10692 | D:10     | Reached skill level 5 in Fighting
 10707 | D:10     | Reached skill level 10 in Dodging
 10846 | D:10     | Reached skill level 12 in Stealth
 11146 | D:10     | Reached *** piety under Dithmenos
 11295 | D:10     | Found a staircase to the Lair.
 11298 | D:10     | Reached XP level 11. HP: 56/56 MP: 26/26
 11385 | D:10     | Noticed a hill giant
 11410 | D:10     | Killed a hill giant
 11922 | D:11     | Noticed a catoblepas
 12010 | D:10     | Noticed a hill giant
 12027 | D:10     | Killed a hill giant
 12184 | Lair:1   | Entered Level 1 of the Lair of Beasts
 12184 | Lair:1   | Noticed a seven-headed hydra
 12194 | Lair:1   | Killed a seven-headed hydra
 12437 | Lair:1   | Reached skill level 13 in Stealth
 12513 | Lair:1   | Reached **** piety under Dithmenos
 12598 | Lair:1   | Noticed a seven-headed hydra
 12603 | Lair:1   | Killed a seven-headed hydra
 13852 | Lair:3   | Reached XP level 12. HP: 64/64 MP: 20/27
 13890 | Lair:3   | Reached skill level 14 in Stealth
 13908 | Lair:3   | Found a dark tunnel.
 13918 | Volcano  | Entered a volcano
 14093 | Volcano  | Reached skill level 5 in Short Blades
 14979 | Lair:1   | Reached ***** piety under Dithmenos
 15296 | Lair:4   | Noticed a death yak
 15298 | Lair:4   | Noticed a death yak
 15298 | Lair:4   | Noticed a death yak
 15559 | D:11     | Reached skill level 15 in Stealth
 15604 | D:11     | Killed a catoblepas
 15963 | D:11     | Noticed olma's ghost (journeyman TrBe)
 15990 | D:11     | Killed olma's ghost
 16098 | D:11     | Noticed a centaur warrior
 16130 | D:11     | Killed a centaur warrior
 16130 | D:11     | Reached skill level 15 in Dodging
 16130 | D:11     | Reached XP level 13. HP: 68/68 MP: 15/28
 16249 | D:11     | Found a staircase to the Orcish Mines.
 16730 | D:12     | Reached skill level 16 in Stealth
 17075 | D:12     | Reached skill level 10 in Short Blades
 17230 | D:12     | Found a deep blue altar of Sif Muna.
 17233 | D:12     | Noticed a deep elf sorcerer
 17362 | D:12     | Cast into level 3 of the Abyss (a deep elf sorcerer)
 17362 | Abyss:3  | Found a corrupted altar of Lugonu.
 17362 | Abyss:3  | Found a corrupted altar of Lugonu.
 17413 | Abyss:3  | Found a radiant altar of Vehumet.
 17421 | D:12     | Escaped the Abyss
 17962 | D:12     | Reached ****** piety under Dithmenos
 18046 | D:12     | Noticed a deep elf sorcerer
 18050 | D:12     | Killed a deep elf sorcerer
 18053 | D:12     | Reached skill level 17 in Stealth
 18064 | D:12     | Identified the Guide on Enchanting Changing
 18080 | D:12     | Identified Iferhyn's Guide on Assistive Changing
 18082 | D:12     | Identified the Papyrus of Creative Air
 19185 | Lair:1   | Learned a level 2 spell: Blink
 19188 | Lair:1   | Learned a level 2 spell: Repel Missiles
 19192 | Lair:1   | Learned a level 3 spell: Regeneration
 19357 | D:14     | Reached skill level 1 in Translocations
 19475 | D:14     | Reached skill level 1 in Air Magic
 19588 | D:14     | Reached skill level 1 in Necromancy
 19700 | D:14     | Reached XP level 14. HP: 72/72 MP: 23/29
 19866 | D:14     | Found an oddly glowing altar of Pakellas.
 20081 | D:14     | Found a gate to the Vaults.
 21746 | D:15     | Entered Level 15 of the Dungeon
 21807 | D:15     | Found a frozen archway.
 21931 | IceCv    | Entered an ice cave
 22281 | D:15     | Reached skill level 1 in Charms
 22536 | D:15     | Noticed Kirke
 22541 | D:15     | Reached skill level 5 in Translocations
 22825 | D:15     | Killed Kirke
 22928 | D:15     | Found a staircase to the Depths.
 23190 | D:15     | Noticed Azrael
 23288 | D:15     | Killed Azrael
 23288 | D:15     | Reached skill level 5 in Charms
 24015 | Lair:4   | Found a staircase to the Snake Pit.
 24050 | Lair:4   | Found a staircase to the Shoals.
 24221 | Lair:4   | Reached skill level 1 in Evocations
 24415 | Lair:4   | Reached skill level 1 in Invocations
 24544 | Lair:4   | Gained mutation: Your flesh is cold resistant. [potion of mutation]
 24544 | Lair:4   | Gained mutation: Your muscles are strong. (Str +2) [potion of mutation]
 24549 | Lair:4   | Lost mutation: Your muscles are strong. (Str +2) [potion of cure mutation]
 24549 | Lair:4   | Lost mutation: Your flesh is cold resistant. [potion of cure mutation]
 24868 | Orc:1    | Entered Level 1 of the Orcish Mines
 24868 | Orc:1    | Noticed Gastronok
 24914 | Orc:1    | Killed from afar by Gastronok

Skill      XL: |  1  2  3  4  5  6  7  8  9 10 11 12 13 14 |
---------------+-------------------------------------------+-----
Spellcasting   | 3 4 5 6 7 9 10 11 | 11.3
Hexes          | 4 5 6 7 9 |  9.8
Stealth        | 5 6 7 9 10 12 13 15 17 | 17.7
Fighting       | 3 6 7 |  7.7
Dodging        | 7 10 13 15 16 | 16.8
Short Blades   | 3 8 11 | 11.7
Translocations | 2 6 |  6.0
Air Magic      | 1 4 |  4.5
Necromancy     | 1 4 |  4.7
Charms         | 6 |  6.0
Evocations     | 1 |  1.3
Invocations    | 1 |  1.1

Action                   |  1- 3 |  4- 6 |  7- 9 | 10-12 | 13-15 || total
-------------------------+-------+-------+-------+-------+-------++-------
Melee: Dagger            |   101 |   224 |   707 |   917 |  1126 ||  3075
 Cast: Ensorcelled Hiber |     9 |    30 |    27 |   101 |    25 ||   192
       Confuse           |     1 |    24 |    64 |    86 |   136 ||   311
       Regeneration      |       |       |       |       |     2 ||     2
Evoke: Wand              |       |       |       |       |    10 ||    10
  Use: Scroll            |       |     1 |       |    12 |     4 ||    17
       Potion            |       |       |       |       |     8 ||     8
 Stab: Sleeping          |    13 |    30 |    60 |   142 |   101 ||   346
       Confused          |     1 |     7 |    37 |    51 |    73 ||   169
       Distracted        |       |     3 |     2 |     2 |     6 ||    13
  Eat: Bread ration      |       |     1 |     1 |     2 |     1 ||     5
Armor: Robe              |    12 |    40 |   137 |    73 |    40 ||   302
Dodge: Dodged            |    87 |   206 |   603 |   964 |   883 ||  2743
